 Dungeon Crawl Stone Soup version 0.20-a0-925-g2efaa84 (webtiles) character file.

455 AlphabetPasta the Changer (level 6, -3/28 HPs)
             Began as a Felid Transmuter on Mar 28, 2017.
             Was a Follower of Makhleb.
             Slain by a steam dragon (8 damage)
             ... on level 6 of the Dungeon.
             The game lasted 00:30:44 (5853 turns).

AlphabetPasta the Changer (Felid Transmuter)        Turns: 5853, Time: 00:30:45

Health: -3/28      AC:  2    Str:  7    XL:     6   Next: 76%
Magic:  10/13      EV: 25    Int: 16    God:    Makhleb [*.....]
Gold:   257        SH:  0    Dex: 21    Spells: 2/13 levels left
                                        Lives:  0   Deaths: 2

rFire    . . .     SeeInvis +     - Unarmed
rCold    . . .     Gourm    .   (shield unavailable)
rNeg     . . .     Faith    .   (armour unavailable)
rPois    x         Spirit   .   (helmet unavailable)
rElec    .         Reflect  .   (cloak unavailable)
rCorr    .         Harm     .   (gloves unavailable)
MR       .....                  (boots unavailable)
Stlth    ++........             (no amulet)
Regen    0.1/turn               (no ring)
MPRegen  0.2/turn               (no ring)

@: spider-form
A: no armour, no weapons or thrown items, stealth, (claws 0), (fangs 0), see
invisible, blink, carnivore 3, (speed 0), sense surroundings 1, (shaggy fur 0),
slow metabolism 1, (sharp paws)
a: End Transformation, Blink, Renounce Religion


You were on level 6 of the Dungeon.
You worshipped Makhleb.
Makhleb was aware of your devotion.
You were not hungry.
You were a venomous arachnid creature.
You visited 2 branches of the dungeon, and saw 7 of its levels.

You collected 257 gold pieces.

Inventory:

Missiles
 a - 47 arrows
Jewellery
 h - an uncursed ring of ice
 i - an uncursed ring of ice
 t - an uncursed ring of poison resistance {unknown}
Wands
 f - a wand of flame (16/48)
 j - a wand of polymorph (11/24)
 l - a wand of polymorph (13/24)
 s - a wand of polymorph (14/24)
 u - a wand of polymorph (7/24)
Scrolls
 d - a scroll of enchant armour {unknown}
 e - 4 scrolls of blinking
 r - 3 scrolls of recharging
Potions
 k - 2 potions of agility
 m - a potion of haste {unknown}
 o - a potion of curing
 q - a potion of resistance {unknown}
Books
 b - a book of Changes

   Spells                             Type                      Level
   a - Beastly Appendage              Transmutation                1
   b - Sticks to Snakes               Transmutation                2
   c - Spider Form                    Transmutation/Poison         3
   d - Ice Form                       Ice/Transmutation            4
   e - Blade Hands                    Transmutation                5
Comestibles
 c - 3 meat rations
 g - 3 chunks of flesh
 p - 2 royal jellies


   Skills:
 + Level 3.7 Fighting
 + Level 5.3 Dodging
 * Level 6.1 Unarmed Combat
 + Level 4.1 Spellcasting
 * Level 6.2 Transmutations
 + Level 1.9 Invocations


You had 2 spell levels left.
You knew the following spells:

 Your Spells              Type           Power        Failure   Level  Hunger
a - Beastly Appendage     Tmut           ###...       6%          1    None
b - Sticks to Snakes      Tmut           ###.....     8%          2    ##.....
c - Spider Form           Tmut/Pois      ##........   32%         3    ###....
d - Blade Hands           Tmut           ###.......   61%         5    ######.


Dungeon Overview and Level Annotations

Branches:
Dungeon (6/15)             Temple (1/1) D:4

Altars:
Ashenzari
Cheibriados
Dithmenos
Elyvilon
Fedhas
Gozag
Hepliaklqana
Kikubaaqudgha
Makhleb
Nemelex Xobeh
Okawaru
Qazlal
Ru
Sif Muna
Trog
Uskayaw
Wu Jian
Yredelemnul
Zin
The Shining One

Annotations:
D:5 !Grinder the neqoxec, Grinder


Innate Abilities, Weirdness & Mutations

You cannot wear armour.
You are incapable of wielding weapons or throwing items.
Your paws allow you to move quietly. (Stealth)
((You have sharp claws.))
((You have razor-sharp teeth.))
You have supernaturally acute eyesight. (SInv)
You are carnivorous and can eat meat at any time.
((You cover ground quickly.))
((You are covered in thick fur. (AC +2)))
You have a slow metabolism.
((Your sharp claws are effective at attacking unaware monsters.))
You can translocate small distances at will.
You passively map a small area around you.


Message History

Aim: a centaur, wielding a shortbow (chance to defeat MR: 46%)
The centaur evaporates and reforms as a steam dragon!
Evoking this partially-identified wand wasted a few charges.
Casting: Beastly Appendage
Confirm with . or Enter, or press ? or * to list all spells.
You turn into a venomous arachnid creature.
The steam dragon breathes steam at you. The ball of steam misses you.
You hit the steam dragon but do no damage.
The steam dragon is poisoned.
The steam dragon closely misses you. The steam dragon barely misses you.
You hit the steam dragon.
The steam dragon looks as sick as possible!
The steam dragon is moderately wounded.
The steam dragon breathes steam at you. The ball of steam hits you!
Ouch! That really hurt!
* * * LOW HITPOINT WARNING * * *
The steam dragon bites you!
You die...

* , ,.,, , #* ########..
** #. , .........######
,#.####.............####
* ........)....#...>....,
#....#.......(.......
######
#.##......#####..#.####
.<...#
#.....§D.........#.#
####.#
#.#####§.s...####..# # ,
#.# #......§...#.#.....#
, #.# #######....#
#.....# #.#
#....#.##....# #.#
#....#.......# *
#.#########....#####...#
#......................#
###########)#.#####....#,
###.......#..........#


You could see a steam dragon.

Vanquished Creatures
  Pikel (D:4)
  Edmund (D:4)
  Duvessa (D:6)
  A sky beast (D:5)
  An ogre (D:6)
  A bullfrog (D:6)
  Dowan (D:6)
  A scorpion (D:5)
  A crimson imp (D:5)
  2 jellies
  5 worker ants
  5 gnolls
  10 adders
  3 worms
  A dart slug (D:1)
  3 leopard geckos
  4 orcs (D:4)
  4 bats (D:2)
  5 giant cockroaches
  3 goblins (D:2)
  10 hobgoblins
  3 jackals (D:5)
  3 kobolds
  3 quokkas
  2 ball pythons
  6 frilled lizards
  5 rats
86 creatures vanquished.

Vanquished Creatures (collateral kills)
  A dart slug (D:2)
1 creature vanquished.

Vanquished Creatures (others)
  A slave (D:4)
  A gnoll shaman (D:4)
  A gnoll (D:4)
  A frilled lizard (D:4)
4 creatures vanquished.

Grand Total: 91 creatures vanquished

Notes
Turn   | Place    | Note
-------+----------+-------------------------------------------
     0 | D:1      | AlphabetPasta the Felid Transmuter began the quest for the Orb.
     0 | D:1      | Reached XP level 1. HP: 9/9 MP: 4/4
   588 | D:1      | Reached XP level 2. HP: 8/12 MP: 4/6
   622 | D:1      | Learned a level 2 spell: Sticks to Snakes
   784 | D:1      | Reached XP level 3. HP: 10/15 MP: 5/7
  1331 | D:2      | Learned a level 3 spell: Spider Form
  1355 | D:2      | Found a white marble altar of Elyvilon.
  1408 | D:2      | Noticed a black bear
  2019 | D:2      | Reached XP level 4. HP: 18/19 MP: 6/8
  2460 | D:3      | Found an iron altar of Okawaru.
  2460 | D:3      | Found a shadowy altar of Dithmenos.
  2480 | D:3      | Found a hide-covered altar of Uskayaw.
  2740 | D:4      | Noticed Pikel
  2740 | D:4      | Noticed a slave
  2740 | D:4      | Noticed a slave
  2740 | D:4      | Noticed a slave
  2813 | D:4      | Reached XP level 5. HP: 22/22 MP: 7/9
  2891 | D:4      | Noticed a slave
  2904 | D:4      | Found a staircase to the Ecumenical Temple.
  2928 | D:4      | Killed Pikel
  2928 | D:4      | Reached skill level 5 in Unarmed Combat
  2928 | D:4      | Gained mutation: You are covered in thick fur. (AC +2) [Felid growth]
  2928 | D:4      | Reached XP level 6. HP: 14/28 MP: 9/12
  2928 | D:4      | Reached XP level 7. HP: 16/31 MP: 9/13
  2963 | Temple   | Entered the Ecumenical Temple
  3132 | Temple   | Became a worshipper of Makhleb the Destroyer
  3363 | D:4      | Reached skill level 5 in Transmutations
  3828 | D:4      | Found an ornate altar of the Wu Jian Council.
  3829 | D:4      | Found a sparkling altar of Nemelex Xobeh.
  3838 | D:4      | Found a sacrificial altar of Ru.
  3924 | D:4      | Noticed Edmund
  3934 | D:4      | Killed Edmund
  4166 | D:5      | Entered Level 5 of the Dungeon
  4181 | D:5      | Found a snail-covered altar of Cheibriados.
  4223 | D:5      | Reached skill level 1 in Invocations
  4705 | D:5      | Learned a level 5 spell: Blade Hands
  4731 | D:5      | Found a deep blue altar of Sif Muna.
  4888 | D:5      | Reached * piety under Makhleb
  5228 | D:5      | Noticed Grinder
  5237 | D:5      | Noticed Grinder
  5237 | D:5      | Grinder changed into Grinder the neqoxec
  5251 | D:5      | Shot with an arrow by a centaur
  5252 | D:5      | Reached XP level 6. HP: -6/28 MP: 12/12
  5277 | D:6      | Noticed Dowan
  5279 | D:6      | Noticed Duvessa
  5287 | D:6      | Killed Duvessa
  5287 | D:6      | Reached XP level 7. HP: 9/31 MP: 13/13
  5295 | D:6      | Killed Dowan
  5295 | D:6      | Reached skill level 5 in Dodging
  5296 | D:6      | Gained mutation: You can translocate small distances at will. [potion of mutation]
  5296 | D:6      | Gained mutation: You passively map a small area around you. [potion of mutation]
  5844 | D:6      | Shot with an arrow by a centaur
  5845 | D:6      | Reached XP level 6. HP: -2/28 MP: 13/13
  5846 | D:6      | Noticed a steam dragon
  5846 | D:6      | a centaur changed into a steam dragon
  5853 | D:6      | Slain by a steam dragon

Vault maps used:
D:1:      minmay_arrival_solitary_statue
D:2:      lemuel_coloured_pillars_altar, minmay_misc_feat_square
D:3:      overflow_temple_1_default, gammafunk_temple_overflow_wave, first_bread
D:4:      gammafunk_temple_overflow_statue, nicolae_overflow_crystal_walls,
          minmay_temple_entry_statues_fountains, uniq_edmund, uniq_pikel
D:5:      slow_altar_1, led_sif_book, uniq_grinder
D:6:      minmay_stone_trees_small, kb_lookout_dungeons_type, bloody_trog,
          uniq_duvessa, uniq_prince_ribbit1
Temple:   minmay_temple_curvy_loop

Skill      XL: |  1  2  3  4  5  6  7 |
---------------+----------------------+-----
Dodging        | 3 4 5 |  5.3
Transmutations | 3 4 6 |  6.2
Fighting       | 2 3 |  3.7
Unarmed Combat | 4 5 6 |  6.1
Spellcasting   | 3 4 |  4.1
Invocations    | 1 |  1.9

Action                   |  1- 3 |  4- 6 |  7- 9 || total
-------------------------+-------+-------+-------++-------
Melee: Unarmed           |    85 |    86 |   131 ||   302
       Headbutt          |     7 |     8 |     4 ||    19
       Bite              |     5 |     8 |     6 ||    19
       Punch             |     1 |     1 |     3 ||     5
 Cast: Beastly Appendage |    14 |    14 |    11 ||    39
       Sticks to Snakes  |    13 |       |       ||    13
       Spider Form       |       |     4 |     7 ||    11
Evoke: Wand              |       |     1 |     4 ||     5
  Use: Potion            |     2 |     4 |     2 ||     8
       Scroll            |     4 |     3 |     6 ||    13
 Stab: Sleeping          |     2 |     2 |     2 ||     6
  Eat: Chunk             |    10 |     3 |    13 ||    26
Armor: Skin              |     5 |       |     5 ||    10
Dodge: Dodged            |    65 |    92 |   112 ||   269
